 Dungeon Crawl Stone Soup version 0.16.1-28-gcc2312f (webtiles) character file.

92 FlaggTheMystic the Skirmisher (level 4, -19/41 HPs)
             Began as a Hill Orc Fighter on June 5, 2015.
             Was an Initiate of Beogh.
             Demolished by a two-headed ogre
             ... wielding a +0 great mace
             ... created by the fury of Okawaru
              (23 damage)
             ... on level 3 of the Dungeon.
             The game lasted 00:10:10 (1628 turns).

FlaggTheMystic the Skirmisher (Hill Orc Fighter)    Turns: 1628, Time: 00:10:10

Health: -19/41     AC:  4    Str: 19    XL:     4   Next: 60%
Magic:  4/4        EV:  7    Int:  8    God:    Beogh [......]
Gold:   87         SH:  0    Dex:  8    Spells: 0 memorised, 3 levels left

rFire  . . .     SeeInvis .     a - +0 war axe
rCold  . . .     Clarity  .     b - +0 scale mail
rNeg   . . .     SustAb   .     c - +0 shield
rPois  .         Gourm    .     (helmet restricted)
rElec  .         Spirit   .     (no cloak)
rCorr  .         Warding  .     (no gloves)
rMut   .         Stasis   .     (no boots)
MR     .....                    (no amulet)
Stlth  ..........               (no ring)
                                (no ring)

@: confused, not resistant to hostile enchantments, extremely unstealthy
A: horns 1, clumsy 1, deformed body, sense surroundings 1
a: Renounce Religion


You were on level 3 of the Dungeon.
You worshipped Beogh.
Beogh was noncommittal.
You were not hungry.

You visited 1 branch of the dungeon, and saw 3 of its levels.

You collected 87 gold pieces.

Inventory:

Hand weapons
 a - a +0 war axe (weapon)
Armour
 b - a +0 scale mail (worn)
 c - a +0 shield (worn)
Scrolls
 e - 2 scrolls of recharging
Potions
 g - a potion of resistance {unknown}
Comestibles
 d - a meat ration
 f - a bread ration


   Skills:
 + Level 4.4 Fighting
 + Level 3.2 Axes
 + Level 4.1 Armour
 + Level 0.7 Dodging
 + Level 4.0 Shields


You had 3 spell levels left.
You didn't know any spells.

Dungeon Overview and Level Annotations

Branches:
Dungeon (3/15)

Altars:
Okawaru


Innate Abilities, Weirdness & Mutations

You have a pair of small horns on your head.
You are clumsy. (Dex -2)
Armour fits poorly on your strangely shaped body.
You passively map a small area around you.


Message History

Uppercase [Y]es or [N]o only, please.
Are you sure you want to stumble around while confused and next to the non-hostile orc wizard?
A two-headed ogre is nearby!
A two-headed ogre is nearby!
Press: ? - help, v - describe, . - travel
Here: a two-headed ogre, wielding a great mace and a giant club (durably summoned)
The floor.
Are you sure you want to stumble around while confused and next to the non-hostile orc wizard? [Y]es or [N]o only, please.
Are you sure you want to stumble around while confused and next to the non-hostile orc wizard?
You hit the two-headed ogre.
The two-headed ogre is moderately wounded.
The two-headed ogre hits you with a great mace!
The two-headed ogre hits you with a giant club.
You bump into the rock wall.
The two-headed ogre hits you with a great mace!
* * * LOW HITPOINT WARNING * * *
The two-headed ogre hits you with a giant club!!
Ouch! That really hurt!
You die...

*#..##.########
#............#
#.###.######o# #.#
#[# * #.# #.# *
#.# #o# , , #.#
#.# ** #.# #)#
######.## #@# *
#.......# * #O#
#,*#.......# #...#
#.##..>†..^###.###
.......<.......#
......)....#####
......)....#
...........#
.......#####


You could see a two-headed ogre, a neutral orc priest (wandering) and a neutral
orc wizard (wandering).

Vanquished Creatures
  2 adders
  A gnoll (D:2)
  A giant gecko (D:1)
  An ooze (D:2)
  An orc (D:3)
  2 giant cockroaches
  5 goblins
  6 hobgoblins
  2 jackals (D:2)
  6 kobolds
  A ball python (D:2)
  7 bats
  3 giant newts
  5 rats
43 creatures vanquished.

Vanquished Creatures (others)
  An orc wizard (D:3)
1 creature vanquished.

Grand Total: 44 creatures vanquished

Notes
Turn   | Place    | Note
--------------------------------------------------------------
     0 | D:1      | FlaggTheMystic, the Hill Orc Fighter, began the quest for the Orb.
     0 | D:1      | Reached XP level 1. HP: 19/19 MP: 1/1
   169 | D:1      | Reached skill level 4 in Fighting
   186 | D:1      | Reached XP level 2. HP: 27/27 MP: 2/2
   219 | D:1      | Gained mutation: You have a pair of small horns on your head. [potion of beneficial mutation]
   220 | D:1      | Gained mutation: Armour fits poorly on your strangely shaped body. [potion of mutation]
   220 | D:1      | Gained mutation: You are clumsy. (Dex -2) [potion of mutation]
   220 | D:1      | Gained mutation: You passively map a small area around you. [potion of mutation]
   629 | D:2      | Reached XP level 3. HP: 33/33 MP: 3/3
   694 | D:2      | Found an iron altar of Okawaru.
  1040 | D:2      | Became a worshipper of Warmaster Okawaru
  1175 | D:2      | Reached XP level 4. HP: 12/41 MP: 4/4
  1615 | D:3      | Fell from the grace of Okawaru
  1615 | D:3      | Became a worshipper of Beogh the Brigand
  1625 | D:3      | Noticed a two-headed ogre
  1628 | D:3      | Demolished by a two-headed ogre

Action                   |  1- 3 |  4- 6 || total
-------------------------+-------+-------++-------
Melee: War axe           |    93 |    17 ||   110
Invok: Convert to Beogh  |       |     1 ||     1
  Use: Potion            |     4 |       ||     4
       Scroll            |     3 |       ||     3
  Eat: Meat ration       |       |     1 ||     1
